 Dungeon Crawl Stone Soup version 0.19.5 (webtiles) character file.

106 JeffiDaFish the Sneak (level 4, 0/33 HPs)
             Began as a Demonspawn Wanderer on Oct 24, 2017.
             Succumbed to a kobold's poison
             ... on level 2 of the Dungeon.
             The game lasted 00:06:32 (1916 turns).

JeffiDaFish the Sneak (Demonspawn Wanderer)         Turns: 1916, Time: 00:06:33

Health: 0/33       AC: 11    Str: 13    XL:     4   Next: 55%
Magic:  7/7        EV:  8    Int: 17    God:
Gold:   80         SH:  0    Dex: 14    Spells: 2 memorised, 5 levels left

rFire  x . .     SeeInvis .     m - +0 short sword
rCold  + . .     Gourm    .     i - +0 chain mail
rNeg   . . .     Faith    .     (no shield)
rPois  .         Spirit   +     p - +0 helmet
rElec  .         Reflect  .     q - +0 cloak (curse)
rCorr  .         Harm     .     (no gloves)
MR     .....                    o - +0 pair of boots
Stlth  ..........               (no amulet)
                                n - ring of ice
                                g - +3 ring of evasion

@: brilliant, lethally poisoned (0 -> -10)
A: demonic guardian 1, magic shield
a: no special abilities


You were on level 2 of the Dungeon.
You were not hungry.

You visited 1 branch of the dungeon, and saw 3 of its levels.

You collected 80 gold pieces.

Inventory:

Hand Weapons
 m - a +0 short sword (weapon)
Armour
 i - a +0 chain mail (worn)
 o - a +0 pair of boots (worn)
 p - a +0 helmet (worn)
 q - a cursed +0 cloak (worn)
Jewellery
 g - a +3 ring of evasion (left hand)
 n - a ring of ice (right hand)
Scrolls
 e - a scroll of noise {unknown}
 j - 3 scrolls of identify
Books
 a - a book of Battle

   Spells                             Type                      Level
   a - Infusion                       Charms                       1
   b - Shroud of Golubria             Charms/Translocation         2
   c - Song of Slaying                Charms                       2
   d - Spectral Weapon                Hexes/Charms                 3
   e - Regeneration                   Charms/Necromancy            3
 b - Sif Muna's Disquisition on Transmutation

   Spells                             Type                      Level
   a - Beastly Appendage              Transmutation                1
   b - Ignite Poison                  Fire/Transmutation/Poison    3
Comestibles
 c - 11 chunks of flesh
 d - 2 meat rations
 f - 2 bread rations
 l - a slice of pizza


   Skills:
 + Level 2.0 Fighting
 + Level 1.2 Short Blades
 * Level 1.3 Armour
 - Level 3.2 Stealth
 + Level 2.3 Spellcasting
   Level 1.0 Conjurations
 + Level 2.1 Charms
 + Level 1.0 Transmutations
   Level 1.0 Evocations


You had 5 spell levels left.
You knew the following spells:

 Your Spells              Type           Power        Failure   Level  Hunger
a - Infusion              Chrm           ###.         52%         1    #......
b - Beastly Appendage     Tmut           ###...       65%         1    #......


Dungeon Overview and Level Annotations

Branches:
Dungeon (3/15)

Altars:
Elyvilon


Innate Abilities, Weirdness & Mutations

A weak demonic guardian rushes to your aid.
When hurt, damage is shared between your health and your magic reserves.


Message History

a kobold corpse You feel magically purged.
* * * LOW HITPOINT WARNING * * *
You feel sick.
* * * LOW HITPOINT WARNING * * *
You feel sick.
You climb upwards.
* * * LOW HITPOINT WARNING * * *
You feel sick.
There is a stone staircase leading down here.
There is a lethal amount of poison in your body!
There is a lethal amount of poison in your body!
* * * LOW HITPOINT WARNING * * *
You feel sick.
You feel clever all of a sudden.
* * * LOW HITPOINT WARNING * * *
You feel sick.
* * * LOW HITPOINT WARNING * * *
You feel sick.
You die...

#####
#########
#...#
#.......#
#...#
#.......#
#...#
#..(....#
#...#
#.......#
#...#
##..@.>..#
#...#
##..#######
#...# ##...#
#...# #..#.#
#...###....#
#........###
######..####.#
#######
...###.......#
#.....#
##...).####..#
#.....#


There were no monsters in sight!

Vanquished Creatures
  Robin (D:3)
  4 adders (D:2)
  A dart slug (D:2)
  A leopard gecko (D:1)
  2 giant cockroaches (D:2)
  9 goblins
  8 hobgoblins
  2 jackals (D:1)
  2 quokkas (D:2)
  4 bats
  5 frilled lizards
  10 kobolds
  5 rats
  A plant (D:1)
55 creatures vanquished.

Vanquished Creatures (collateral kills)
  3 goblins (D:3)
3 creatures vanquished.

Grand Total: 58 creatures vanquished

Notes
Turn   | Place    | Note
-------+----------+-------------------------------------------
     0 | D:1      | JeffiDaFish the Demonspawn Wanderer began the quest for the Orb.
     0 | D:1      | JeffiDaFish set off with: a book of Battle, Sif Muna's Disquisition on Transmutation, a potion of curing, a +0 robe, a +0 dagger, a bread ration
     0 | D:1      | Reached XP level 1. HP: 15/15 MP: 3/3
     2 | D:1      | Learned a level 1 spell: Infusion
     2 | D:1      | Identified Sif Muna's Disquisition on Transmutation
     4 | D:1      | Learned a level 1 spell: Beastly Appendage
   345 | D:1      | Reached skill level 3 in Stealth
   636 | D:1      | Gained mutation: A weak demonic guardian rushes to your aid. [demonic ancestry]
   636 | D:1      | Reached XP level 2. HP: 18/21 MP: 5/5
   878 | D:2      | Found a white marble altar of Elyvilon.
  1046 | D:2      | Gained mutation: When hurt, damage is shared between your health and your magic reserves. [demonic ancestry]
  1046 | D:2      | Reached XP level 3. HP: 26/26 MP: 6/6
  1146 | D:2      | Reached skill level 1 in Short Blades
  1547 | D:2      | Reached skill level 1 in Armour
  1547 | D:2      | Reached XP level 4. HP: 26/33 MP: 5/7
  1740 | D:3      | Reached skill level 1 in Transmutations
  1785 | D:3      | Noticed Robin
  1823 | D:3      | Killed Robin
  1915 | D:2      | HP: 1/33 [poisoned by a kobold]
  1916 | D:2      | Succumbed to a kobold's poison

Skill      XL: |  1  2  3  4 |
---------------+-------------+-----
Stealth        | 3 |  3.2
Charms         | 2 |  2.1
Short Blades   | 1 |  1.2
Armour         | 1 |  1.3
Transmutations | 1 |  1.0
Fighting       | 2 |  2.0
Spellcasting   | |  2.3
Conjurations   | |  1.0
Evocations     | |  1.0

Action                   |  1- 3 |  4- 6 || total
-------------------------+-------+-------++-------
Melee: Dagger            |   227 |       ||   227
       Short sword       |   113 |    74 ||   187
 Cast: Beastly Appendage |     1 |       ||     1
       Infusion          |     1 |       ||     1
  Use: Potion            |     6 |     3 ||     9
       Scroll            |     2 |     1 ||     3
  Eat: Chunk             |     3 |     1 ||     4
Armor: Chain mail        |   179 |    46 ||   225
       Robe              |     6 |       ||     6
Dodge: Dodged            |   162 |    31 ||   193
